 Dungeon Crawl Stone Soup version 0.13.1-28-g3517093 (webtiles) character file.

459 Daan the Skirmisher (level 5, -2/29 HPs)
             Began as a Gargoyle Enchanter on Mar 13, 2014.
             Killed by divine providence
             ... invoked by an orc priest
              (14 damage)
             ... on Level 4 of the Dungeon.
             The game lasted 00:18:10 (3425 turns).

Daan the Skirmisher (Gargoyle Enchanter)            Turns: 3425, Time: 00:18:10

HP  -2/29        AC  8     Str 13      XL: 5   Next: 96%
MP   4/8         EV 12     Int 15      God:
Gold 240         SH  0     Dex 10      Spells:  2 memorised,  3 levels left

Res.Fire  : . . .   See Invis. : .   l - +1 whip (freeze)
Res.Cold  : . . .   Warding    : .   b - +1 robe
Life Prot.: + . .   Conserve   : .   (no shield)
Res.Poison: +       Res.Corr.  : .   (no helmet)
Res.Elec. : +       Clarity    : .   (no cloak)
Sust.Abil.: . .     Spirit.Shd : .   (no gloves)
Res.Mut.  : .       Rnd.Telep. : +   y - +0 pair of boots
Res.Rott. : +       Flight     : .   (no amulet)
Saprovore : . . .                    (no ring)
                                     m - cursed ring of teleportation

@: slightly resistant to hostile enchantments, fairly stealthy
A: fangs 1, talons 2, life protection 1, electricity resistance, slow metabolism
1, unbreathing, petrification resistance, AC +4
a: Evoke Teleportation


You were on level 4 of the Dungeon.
You were very hungry.

You visited 1 branch of the dungeon, and saw 4 of its levels.

You collected 220 gold pieces.

Inventory:

Hand weapons
 a - a +1,+1 dagger {=f}
 k - a -1,+0 orcish dagger
 l - a +1,+1 whip of freezing (weapon)
 z - a -1,+0 orcish flail
Missiles
 d - 32 darts (quivered)
Armour
 b - a +1 robe (worn)
 y - a +0 pair of boots (worn)
Magical devices
 u - a wand of digging (14) {unknown}
Comestibles
 f - 3 bread rations
 g - a meat ration
 t - 2 sultanas
 G - a choko
Scrolls
 e - 2 scrolls of remove curse
 h - a scroll of magic mapping
 j - a scroll of amnesia
 n - a scroll of random uselessness
 r - a scroll of identify
 s - a scroll of enchant weapon II {unknown}
 x - a scroll of teleportation {unknown}
 B - 3 scrolls of enchant weapon I {unknown}
 C - a scroll of recharging {unknown}
 E - a scroll of fear {unknown}
Jewellery
 m - a cursed ring of teleportation (left hand)
Potions
 i - 2 potions of heal wounds {unknown}
 o - 3 potions of curing
 p - a potion of invisibility {unknown}
 q - a potion of agility {unknown}
 v - a potion of flight {unknown}
 w - a potion of might {unknown}
 A - a potion of mutation {unknown}
 D - a potion of slowing {unknown}
 F - a potion of brilliance {unknown}
Books
 c - a book of Maledictions

   Spells                             Type                      Level
   *Corona                            Hexes                        1
   Sure Blade                         Hexes/Charms                 2
   *Ensorcelled Hibernation           Hexes/Ice                    2
   Confuse                            Hexes                        3
   Enslavement                        Hexes                        4
   Invisibility                       Hexes                        6


   Skills:
 * Level 4.0 Fighting
 - Level 0.8 Short Blades
 + Level 2.3 Maces & Flails
 - Level 1.0 Throwing
 + Level 2.2 Dodging
 + Level 3.6 Stealth
 - Level 1.0 Spellcasting
 - Level 2.6 Hexes


You had 3 spell levels left.
You knew the following spells:

 Your Spells              Type           Power        Failure   Level  Hunger
a - Corona                Hex            #......      12%         1    ##.....
b - Ensorcelled Hibernat  Hex/Ice        #.....       21%         2    ###....


Dungeon Overview and Level Annotations

Branches:
Dungeon (4/27)
 Temple: D:4-7

Altars:

Annotations:
D:3 chtunga's ghost, weakling FeTm


Innate Abilities, Weirdness & Mutations

You are resistant to torment.
You are immune to poison.
Your stone body is very resilient (AC +4).
You have very sharp teeth.
You have razor-sharp toenails.
You resist negative energy.
You are resistant to electric shocks.
You have a slow metabolism.
You can survive without breathing.
You are immune to petrification.


Message History

Confirm with . or Enter, or press ? or * to list all spells.
Aiming: Ensorcelled Hibernation
Press: ? - help, Shift-Dir - straight line, f/p - orc priest
Aim: an orc priest, wielding an orcish club and wearing an orcish leather armour (moderately wounded)
The orc priest is unaffected.
You are feeling very hungry.
The orc priest misses you.
You hit the orc priest but do no damage.
The orc priest is moderately wounded.
The orc closely misses you.
The orc priest becomes somewhat translucent.
You hit the orc priest. You freeze the orc priest.
The orc priest is heavily wounded.
The orc barely misses you. The orc priest closely misses you.
You hit the orc priest. You freeze the orc priest.
The orc priest is severely wounded.
The orc misses you.
The orc priest calls down the wrath of Beogh upon you.
Something smites you!
You die...

######
#....#
#....#
#....#
#....#
#....##.###.
#..@........
#..oo##.###.
##.....
######.# .#
.# o# .# .#


You could see an orc priest and an orc.

Vanquished Creatures
  An orc priest (D:4)
  An orc wizard (D:3)
  Jessica (D:2)
  2 adders (D:2)
  4 gnolls (D:3)
  A worm (D:2)
  A giant gecko (D:1)
  An ooze (D:1)
  13 orcs
  A ball python (D:2)
  5 giant cockroaches
  10 goblins
  10 hobgoblins
  A quokka (D:2)
  8 bats
  A giant newt (D:2)
  A jackal (D:2)
  8 kobolds
  9 rats
79 creatures vanquished.

Notes
Turn   | Place    | Note
--------------------------------------------------------------
     0 | D:1      | Daan, the Gargoyle Enchanter, began the quest for the Orb.
     0 | D:1      | Reached XP level 1. HP: 10/10 MP: 3/3
   158 | D:1      | Reached skill level 1 in Fighting
   353 | D:1      | Reached XP level 2. HP: 15/15 MP: 4/4
   373 | D:1      | Learned a level 2 spell: Ensorcelled Hibernation
  1014 | D:2      | Reached XP level 3. HP: 17/19 MP: 5/5
  1125 | D:2      | Reached skill level 1 in Maces & Flails
  1127 | D:2      | Noticed Jessica
  1334 | D:2      | Killed Jessica
  1334 | D:2      | Reached skill level 3 in Stealth
  1334 | D:2      | Reached XP level 4. HP: 22/24 MP: 1/7
  2284 | D:3      | Reached XP level 5. HP: 8/29 MP: 3/8
  2361 | D:3      | Noticed chtunga's ghost (weakling FeTm)
  3305 | D:4      | Reached skill level 4 in Fighting
  3418 | D:4      | HP: 1/29 [orc priest/nerve-wracking pain (8)]
  3425 | D:4      | Killed from afar by an orc priest

Action                   |  1- 3 |  4- 6 || total
-------------------------+-------+-------++-------
Melee: Dagger            |    18 |       ||    18
       Whip              |    72 |   119 ||   191
Throw: Dart              |    40 |    56 ||    96
 Cast: Ensorcelled Hiber |     3 |    11 ||    14
  Use: Scroll            |     3 |       ||     3
       Potion            |       |     1 ||     1
 Stab: Sleeping          |     2 |    11 ||    13
